 Dungeon Crawl Stone Soup version 0.17-a0-1545-gc1bb672 (webtiles) character file.

81603 urechis the Nimble (level 16, -14/160 HPs)
             Began as a Kobold Berserker on July 18, 2015.
             Was the Champion of Trog.
             Killed by the raging water
             ... invoked by a water nymph
              (28 damage)
             ... on level 2 of the Shoals.
             The game lasted 01:35:38 (26871 turns).

urechis the Nimble (Kobold Berserker)              Turns: 26871, Time: 01:35:39

Health: -14/160    AC: 13    Str: 23    XL:     16   Next: 18%
Magic:  23/23      EV: 28    Int:  5    God:    Trog [******]
Gold:   2801       SH: 10    Dex: 20    Spells: 0 memorised, 15 levels left

rFire  + . .     SeeInvis .     b - +4 arc blade {discharge, rElec}
rCold  + . .     Clarity  .     S - +0 mottled dragon armour
rNeg   + . .     SustAt   .     d - +2 buckler {rN+}
rPois  .         Gourm    .     K - +2 hat {rC+}
rElec  +         Spirit   .     B - +0 cloak
rCorr  .         Warding  .     h - +1 pair of gloves
rMut   .         Stasis   .     (no boots)
MR     +++..                    v - amulet of regeneration
Stlth  ..........               I - ring of stealth
                                j - ring of stealth

@: berserking, regenerating, very quick, extremely resistant to hostile
enchantments, extremely unstealthy
A: carnivore 3, fire resistance 1
a: Burn Spellbooks, Berserk, Trog's Hand, Brothers in Arms, Renounce Religion


You were on level 2 of the Shoals.
You worshipped Trog.
Trog was exalted by your worship.
You were very full.

You visited 5 branches of the dungeon, and saw 27 of its levels.
You also visited: Ice Cave.

You collected 2801 gold pieces.

Inventory:

Hand weapons
 a - a +9 quick blade
 b - the +4 arc blade (weapon) {discharge, rElec}
   (Trog gifted it to you in an ice cave)

   It insulates you from electricity.
 f - a +0 blowgun
 w - a +4 antimagic short sword
Missiles
 y - 24 poisoned needles
 G - 5 curare-tipped needles
Armour
 d - a +2 buckler of positive energy (worn)
 h - a +1 pair of gloves (worn)
 x - a +0 ice dragon armour
 B - a +0 cloak (worn)
 K - a +2 hat of cold resistance (worn)
 S - a +0 mottled dragon armour (worn)
Jewellery
 j - a ring of stealth (left hand)
 v - an amulet of regeneration (around neck)
 I - a ring of stealth (right hand)
Magical devices
 r - a wand of fireball (7)
 A - a wand of disintegration (5)
 M - a wand of digging (20)
 O - a wand of hasting (5)
Scrolls
 g - 4 scrolls of recharging
 k - 9 scrolls of remove curse
 l - 7 scrolls of teleportation
 m - 3 scrolls of enchant weapon
 p - 3 scrolls of blinking
 q - 5 scrolls of magic mapping
 D - 3 scrolls of fog
 W - 2 scrolls of summoning
Potions
 i - 6 potions of lignification
 n - a potion of haste
 o - 2 potions of ambrosia
 u - 4 potions of flight
 z - 6 potions of curing
 E - 2 potions of might
 H - 2 potions of agility
 T - 4 potions of heal wounds
 U - a potion of invisibility
Comestibles
 c - 11 meat rations
 s - 4 beef jerkies
 J - 10 royal jellies
 Y - a slice of pizza


   Skills:
 + Level 14.6 Fighting
 - Level 14.0 Short Blades
 - Level 6.0 Armour
 + Level 14.8 Dodging
 + Level 13.4 Stealth
 - Level 9.0 Shields
 - Level 10.0 Evocations


You had 15 spell levels left.
You didn't know any spells.

Dungeon Overview and Level Annotations

Branches:
Dungeon (12/15)            Temple (1/1) D:4            Lair (8/8) D:8
 Shoals (2/4) Lair:4       Spider (0/4) Lair:6        Slime (0/6) Lair:7
    Orc (4/4) D:10            Elf (0/3) Orc:4

Altars:
Ashenzari
Cheibriados
Dithmenos
Elyvilon
Fedhas
Gozag
Kikubaaqudgha
Makhleb
Nemelex Xobeh
Okawaru
Qazlal
Ru
Sif Muna
Trog
Vehumet
Xom
Yredelemnul
Zin
The Shining One
Jiyva

Shops:
D:6 %   Orc:4 [=*(

Portals:
Trove: D:12 (give 19 potions of curing)

Annotations:
Shoals:1 exclusion: kraken


Innate Abilities, Weirdness & Mutations

You are small and have problems with some larger weapons.
You are carnivorous and can eat meat at any time.
Your flesh is heat resistant.


Message History

You fall into the shallow water.
Moving in this stuff is going to be slow.
Your unstable footing causes you to fumble your attack.
You puncture the water nymph!
The water nymph is moderately wounded.
You block the snapping turtle's attack.
You closely miss the water nymph.
The water nymph is moderately wounded.
The water nymph closely misses you.
You puncture the water nymph!
The water nymph is heavily wounded.
You barely miss the water nymph.
The water nymph is heavily wounded.
You block the snapping turtle's attack.
You puncture the water nymph!
The water nymph is severely wounded.
The faun shoots a sling bullet.
The sling bullet barely misses you.
The water nymph points at you and mumbles some strange words.
The water swirls and strikes you!
You die...

#####....##...≈≈≈≈.< #
#..........≈≈..#
#####<...###....≈.$#
....###..# #....≈..#
≈...##...###.......####.
..≈≈.....##......≈......
.........# #..c≈t≈......
≈..≈.....### #≈m≈....#
..≈≈≈≈.....# ##@######
≈≈≈≈≈≈.....#####.##
.≈≈≈≈≈..≈....#....##
≈≈≈≈≈≈...≈.........#
≈≈≈≈≈≈....##...##....P#
≈≈≈≈≈≈≈...###..#


#PPPP. ≈≈≈≈≈≈..... ...# PP.... ≈≈≈≈≈≈....≈.....P P...≈≈ ≈≈≈≈≈≈≈≈≈≈≈≈..≈≈≈P..≈≈..
You could see a snapping turtle, a faun and a water nymph.

Vanquished Creatures
  Gastronok (D:12)
  Kirke (D:12)
  An orc warlord (Orc:4)
  The ghost of Alipheese the Carver, a powerful NaMo of Makhleb (Lair:6)
  Snorg (D:12)
  2 merfolk impalers (Shoals:2)
  Josephine (Lair:8)
  An ice dragon (Lair:8)
  6 hydras
  Erolcha (D:11)
  14 death yaks
  An orc high priest (Orc:4)
  Nergalle (Lair:3)
  2 sea snakes
  3 lindwurms
  An ice statue (IceCv)
  4 orc knights (Orc:4)
  A necromancer (IceCv)
  2 cyclopes (D:12)
  4 hill giants
  A hornet (shapeshifter) (D:12)
  3 ugly things
  2 griffons
  5 orc sorcerers (Orc:4)
  A water nymph (Shoals:2)
  3 black mambas (Lair:8)
  2 sirens (Shoals:1)
  8 torpor snails
  9 spiny frogs
  5 komodo dragons
  An efreet (D:11)
  3 trolls
  5 fire drakes
  5 blink frogs (Lair:6)
  A merfolk (Shoals:1)
  3 two-headed ogres
  10 freezing wraiths (IceCv)
  A boulder beetle (Lair:8)
  2 giant leeches (Lair:8)
  A wolf spider simulacrum (IceCv)
  A slime creature (D:12)
  Sigmund (D:3)
  2 redbacks (Lair:6)
  A death yak simulacrum (IceCv)
  2 deep elf magi
  6 wraiths
  29 yaks
  A hog (D:12)
  A basilisk (Lair:3)
  A water elemental (Shoals:1)
  Grum (D:7)
  3 wargs (Orc:4)
  2 mottled dragons
  6 hippogriffs
  A deep elf fighter (Orc:4)
  Menkaure (D:4)
  A steam dragon (D:8)
  Edmund (D:5)
  2 hungry ghosts
  14 water moccasins
  12 porcupines
  17 wolves
  Duvessa (D:5)
  A black bear (Lair:2)
  12 ice beasts
  A spider (Lair:6)
  4 wasps
  2 eyes of draining (D:9)
  3 phantoms
  23 orc warriors
  A sky beast (D:7)
  14 ogres
  4 brain worms (Lair:8)
  5 centaurs
  30 giant frogs
  Blork the orc (D:4)
  A big kobold (D:8)
  18 crocodiles
  Dowan (D:5)
  A water moccasin skeleton (D:11)
  6 scorpions
  8 killer bees
  8 wights
  6 electric eels
  A quasit (D:12)
  3 crimson imps
  4 draconian simulacra (IceCv)
  2 giant frog zombies
  7 orc priests
  2 giant frog skeletons
  15 iguanas
  8 hounds
  6 jellies
  17 orc wizards
  9 hell rats (Lair:5)
  8 worker ants
  Jessica (D:3)
  2 spriggan simulacra (IceCv)
  Natasha (thrice) (D:4)
  2 polar bear simulacra (IceCv)
  21 sheep
  4 troll simulacra (IceCv)
  4 centaur simulacra (IceCv)
  A hound zombie (D:6)
  Robin (D:3)
  2 ogre simulacra (IceCv)
  11 adders
  4 gnolls (D:7)
  74 river rats
  4 naga simulacra (IceCv)
  A shadow imp (D:8)
  12 white imps (IceCv)
  6 oozes
  16 worms (Lair:8)
  An adder skeleton (D:4)
  The ghost of Duffy the Ruffian, a weakling CeMo (D:3)
  6 giant geckos
  116 orcs
  2 ball pythons
  10 bats
  A bat zombie (D:7)
  2 giant cockroaches
  30 goblins
  21 hobgoblins
  3 jackals (D:5)
  A giant gecko zombie (D:7)
  5 giant newts
  23 kobolds
  3 quokkas
  24 rats
  A bush (Lair:8)
  A plant (Lair:8)
879 creatures vanquished.

Vanquished Creatures (others)
  A troll (D:12)
  A human (D:12)
  A crimson imp (D:12)
  An orc priest (D:11)
  A hound (D:12)
  A centaur zombie (D:8)
  48 fungi
  46 plants
100 creatures vanquished.

Grand Total: 979 creatures vanquished

Notes
Turn   | Place    | Note
--------------------------------------------------------------
     0 | D:1      | urechis the Kobold Berserker began the quest for the Orb.
     0 | D:1      | Reached XP level 1. HP: 14/14 MP: 1/1
    53 | D:1      | Reached skill level 1 in Stealth
    66 | D:1      | Reached XP level 2. HP: 4/19 MP: 2/2
   431 | D:1      | Reached XP level 3. HP: 20/23 MP: 3/3
   463 | D:1      | Acquired Trog's second power
   934 | D:2      | Reached XP level 4. HP: 25/28 MP: 4/4
  1032 | D:2      | Reached skill level 5 in Stealth
  1147 | D:2      | Found a radiant altar of Vehumet.
  1147 | D:2      | Found a basalt altar of Yredelemnul.
  1197 | D:2      | Found an ancient bone altar of Kikubaaqudgha.
  1293 | D:2      | Found a glowing golden altar of the Shining One.
  1462 | D:3      | Noticed Jessica
  1467 | D:3      | Killed Jessica
  1467 | D:3      | Reached skill level 6 in Stealth
  1467 | D:3      | Reached XP level 5. HP: 32/32 MP: 5/5
  1492 | D:3      | Noticed Sigmund
  1557 | D:3      | Noticed Robin
  1598 | D:3      | Killed Robin
  2012 | D:3      | Noticed Duffy's ghost (weakling CeMo)
  2023 | D:3      | Killed Duffy's ghost
  2166 | D:3      | Found a snail-covered altar of Cheibriados.
  2225 | D:3      | Found a shimmering altar of Xom.
  2305 | D:3      | Reached skill level 7 in Stealth
  2583 | D:3      | Found a glowing silver altar of Zin.
  2942 | D:3      | Killed Sigmund
  2942 | D:3      | Reached skill level 8 in Stealth
  2942 | D:3      | Reached XP level 6. HP: 37/37 MP: 6/6
  3035 | D:4      | Reached skill level 9 in Stealth
  3063 | D:4      | Reached XP level 7. HP: 41/41 MP: 7/7
  3066 | D:4      | Found a staircase to the Ecumenical Temple.
  3066 | D:4      | Noticed Menkaure
  3069 | D:4      | Killed Menkaure
  3069 | D:4      | Reached skill level 10 in Stealth
  3087 | Temple   | Entered the Ecumenical Temple
  3272 | D:4      | Noticed Blork the orc
  3282 | D:4      | Killed Blork the orc
  3348 | D:4      | Reached skill level 5 in Short Blades
  3348 | D:4      | Reached XP level 8. HP: 48/48 MP: 8/8
  3454 | D:4      | Noticed Natasha
  3457 | D:4      | Killed Natasha
  3510 | D:4      | Found an opulent altar of Gozag.
  3814 | D:4      | Reached skill level 5 in Fighting
  3998 | D:4      | Noticed Natasha
  4015 | D:4      | Killed Natasha
  4207 | D:4      | Found an opulent altar of Gozag.
  4337 | D:4      | Found a staircase to the Ecumenical Temple.
  4403 | D:4      | Noticed Natasha
  4406 | D:4      | Killed Natasha
  4712 | D:5      | Entered Level 5 of the Dungeon
  4738 | D:5      | Acquired Trog's third power
  4784 | D:5      | Noticed Edmund
  4817 | D:5      | Killed Edmund
  4913 | D:5      | Noticed Duvessa
  4916 | D:5      | Noticed Dowan
  4918 | D:5      | Killed Dowan
  4932 | D:5      | Killed Duvessa
  4932 | D:5      | Reached XP level 9. HP: 56/56 MP: 9/9
  5756 | D:6      | Found a glowing golden altar of the Shining One.
  6257 | D:6      | Found Taocs's Food Shop.
  6384 | D:7      | Reached skill level 10 in Short Blades
  6720 | D:7      | Reached XP level 10. HP: 65/65 MP: 10/10
  6920 | D:7      | Reached skill level 13 in Dodging
  6920 | D:7      | Reached XP level 11. HP: 71/71 MP: 11/11
  7521 | D:8      | Noticed Grum
  7532 | D:7      | Killed Grum
  7714 | D:8      | Found a shadowy altar of Dithmenos.
  7841 | D:8      | Found a staircase to the Lair.
  8135 | D:8      | Found a stormy altar of Qazlal.
  8484 | D:8      | Found a burning altar of Makhleb.
  8821 | D:8      | Reached skill level 10 in Fighting
  8995 | D:9      | Found a bloodstained altar of Trog.
  9039 | D:9      | Found a sacrificial altar of Ru.
 10389 | D:10     | Entered Level 10 of the Dungeon
 10513 | D:10     | Reached XP level 12. HP: 79/79 MP: 12/12
 10584 | D:10     | Received a gift from Trog
 10813 | D:10     | Found a staircase to the Orcish Mines.
 11065 | D:10     | Found a shadowy altar of Dithmenos.
 11691 | D:11     | Noticed a hill giant
 11709 | D:11     | Killed a hill giant
 11997 | D:11     | Noticed Erolcha
 12011 | D:11     | Killed Erolcha
 12275 | D:11     | Reached skill level 14 in Short Blades
 12588 | D:12     | Noticed Kirke
 12613 | D:12     | Killed Kirke
 12634 | D:12     | Paralysed by a hornet for 2 turns
 12860 | D:12     | Noticed a six-headed hydra
 12861 | D:12     | Found a shimmering altar of Xom.
 12898 | D:12     | Killed a six-headed hydra
 12930 | D:12     | Noticed Gastronok
 13145 | D:12     | Reached XP level 13. HP: 87/87 MP: 13/13
 13227 | D:12     | Killed Gastronok
 13714 | D:12     | Noticed Snorg
 13734 | D:12     | Killed Snorg
 13734 | D:12     | Reached skill level 5 in Armour
 13899 | D:12     | Found a portal to a secret trove of treasure.
 14174 | Lair:1   | Entered Level 1 of the Lair of Beasts
 14604 | Lair:1   | Received a gift from Trog
 15445 | Lair:2   | Reached skill level 1 in Evocations
 15952 | Lair:3   | Noticed Nergalle
 16167 | Lair:3   | Killed Nergalle
 16425 | Lair:3   | Received a gift from Trog
 16749 | Lair:4   | Found a staircase to the Shoals.
 17075 | Lair:4   | Found a runed door.
 17096 | Lair:4   | Reached XP level 14. HP: 87/96 MP: 17/17
 17387 | Lair:4   | Reached skill level 5 in Evocations
 18155 | Lair:5   | Received a gift from Trog
 18536 | Lair:6   | Noticed Alipheese's ghost (powerful NaMo)
 18665 | Lair:5   | Identified a scroll of acquirement
 18880 | Lair:6   | Killed Alipheese's ghost
 18880 | Lair:6   | Reached skill level 1 in Shields
 18995 | Lair:6   | Found a hole to the Spider Nest.
 19733 | Lair:7   | Received a gift from Trog
 20265 | Lair:7   | Found a viscous altar of Jiyva.
 20265 | Lair:7   | Found a staircase to the Slime Pits.
 20484 | Lair:7   | Gained mutation: Your flesh is heat resistant. [potion of beneficial mutation]
 20727 | Lair:8   | Entered Level 8 of the Lair of Beasts
 20881 | Lair:8   | Found a runed door.
 20915 | Lair:8   | Reached skill level 10 in Evocations
 20915 | Lair:8   | Reached XP level 15. HP: 70/100 MP: 22/22
 20965 | Lair:8   | Reached skill level 5 in Shields
 21846 | Lair:8   | Noticed Josephine
 21872 | Lair:8   | Killed Josephine
 21872 | Lair:8   | Received a gift from Trog
 22979 | Orc:1    | Entered Level 1 of the Orcish Mines
 23594 | Orc:2    | Found a frozen archway.
 23632 | IceCv    | Entered an ice cave
 23934 | IceCv    | Found an ancient bone altar of Kikubaaqudgha.
 23988 | IceCv    | Received a gift from Trog
 24788 | Orc:4    | Entered Level 4 of the Orcish Mines
 24848 | Orc:4    | Found Viyciot's Antique Weapon Emporium.
 24848 | Orc:4    | Noticed an orc warlord
 24879 | Orc:4    | Killed an orc warlord
 25070 | Orc:4    | Found Vone's General Store.
 25215 | Orc:4    | Found Ziopt's Antique Armour Shoppe.
 25272 | Orc:4    | Found Baebeude's Jewellery Shoppe.
 25298 | Orc:4    | Received a gift from Trog
 25302 | Orc:4    | Reached XP level 16. HP: 87/107 MP: 23/23
 25385 | Orc:4    | Found a staircase to the Elven Halls.
 26262 | Shoals:1 | Entered Level 1 of the Shoals
 26463 | Shoals:1 | Noticed a kraken
 26871 | Shoals:2 | Killed from afar by a water nymph

Vault maps used:
D:1:      dpeg_arrival_chase, st_stairs_5, serial_bayou_pond_c
D:2:      overflow_temple_1_default, gammafunk_temple_overflow_elements,
          nicolae_tso_swordbearing_angel
D:3:      zin_scriptorium, lemuel_round_altar, overflow_temple_1_default,
          uniq_sigmund, uniq_robin, uniq_jessica
D:4:      nicolae_gozag_cash_rules_everything_around_me,
          minmay_temple_entry_hall, minmay_misc_feat_diagonals, uniq_natasha,
          uniq_blork_the_orc, uniq_menkaure
D:5:      first_bread, uniq_duvessa, uniq_edmund
D:6:      old_standard_altar, serial_shops, nicolae_shop_behind_doors
D:8:      nicolae_overflow_crystal_walls, kennysheep_little_box, lair_0_dummy,
          hangedman_little_slice_of_home, grunt_qazlal_clouds, uniq_grum
D:9:      overflow_temple_1_default, trog_eyes_of_draining
D:10:     erik_orc_2, nicolae_dithmenos_shadow_blocks
D:11:     uniq_erolcha
D:12:     nicolae_trove_entry_crystal, xom_confusion_cloud, uniq_gastronok,
          uniq_snorg, uniq_kirke
Temple:   minmay_temple_curvy_8
Lair:1:   st_stairs_12
Lair:2:   beast_lair_carwin_7
Lair:3:   columned_hall_lemuel, infiniplex_staircase_pool, lemuel_fruit_tree,
          uniq_nergalle
Lair:4:   elwin_shoals_entry_rocks, st_stairs_11, pf_torpor_hydra,
          serial_bayou_shore_a
Lair:5:   lemuel_ratsnest, serial_bayou_pond_a, grunt_megastairs_2
Lair:6:   spider_nest_entry_funnel_web, serial_bayou_shore_b
Lair:7:   slime_altar_1, st_stairs_10
Lair:8:   wormcave, uniq_josephine
Shoals:2: serial_shops, nicolae_shop_waterfront
Orc:2:    portal_ice_cave_entry_pillars_03
Orc:3:    serial_shops, nicolae_shop_statue_plus, nicolae_orc_pool_cavern
Orc:4:    grunt_orc_gardens, grunt_orc_garden, grunt_orc_garden,
          grunt_orc_garden, grunt_orc_garden
IceCv:    ice_cave_small_necro

Action                   |  1- 3 |  4- 6 |  7- 9 | 10-12 | 13-15 | 16-18 || total
-------------------------+-------+-------+-------+-------+-------+-------++-------
Melee: Short sword       |   122 |   138 |       |       |       |       ||   260
       Rapier            |       |    22 |   395 |   611 |   208 |   110 ||  1346
       Quick blade       |       |       |       |   274 |  2246 |       ||  2520
 Fire: Blowgun           |       |       |     4 |     8 |       |       ||    12
Invok: Berserk           |     2 |     3 |     9 |    14 |    17 |     1 ||    46
       Trog's Hand       |       |     1 |     4 |     6 |    10 |     1 ||    22
       Burn Spellbooks   |       |       |       |     1 |     6 |       ||     7
  Use: Potion            |       |       |     1 |     1 |     1 |       ||     3
       Scroll            |       |       |       |    22 |    15 |     2 ||    39
 Stab: Sleeping          |     3 |    12 |    35 |    29 |    51 |     6 ||   136
       Distracted        |       |       |     3 |     8 |     6 |     3 ||    20
  Eat: Chunk             |     9 |     8 |    24 |    37 |    68 |     7 ||   153
       Beef jerky        |       |       |       |       |     1 |       ||     1
